AoeStats
← BigBusyB

Arena

509930768Analyzed
4v4 RM · 4d ago on Sep 28, 2026· 57m 29s· 8 players
Game mode
Random Map
Map size
Large (8 player)
Population
200
Speed
Normal
Resources
Standard
Victory
Conquest
Starting age
Dark Age
Ending age
Imperial Age
RankedLock teamsTeams togetherTeam positionsShared explorationLock speedFull tech treeHidden civsTurbo modeCheats
Victory
Defeat
🇩🇪 Saxons · Germany
1119
+16
🇩🇪 Italians · Germany
1085
+17
🇫🇷 Ethiopians · France
1085
+17
🇩🇪 Persians · Germany
1045
+20
🇨🇳 Khitans · China
1127
-18
🇨🇳 Burmese · China
1121
-18
🇨🇳 Britons · China
1120
-18
🇨🇳 Bengalis · China
1079
-16
MidLast
10:07 Feudal Age
14:14 Castle Age
12:40 Horse Collar
12:47 Double-Bit Axe
13:44 Gold Mining
14:55 Scale Mail Armor
19:28 Chain Mail Armor
20:55 Arson
24:23 Forging
24:46 Squires
26:08 Iron Casting
28:17 Wheelbarrow
32:31 Hand Cart
39:50 Bow Saw
40:26 Fletching
43:17 Imperial Age
41:50 Bodkin Arrow
44:28 Plate Mail Armor
44:00 Bracer
44:25 Conscription
44:34 Heavy Plow
44:55 Elite Varangian Guard
46:09 Gambesons
52:37 Gold Shaft Mining
53:44 Hand Cart
53:46 Shield Wall
54:23 Elite Hearth Troop
56:45 Two-Man Saw
57:07 Loom
57:08 Town Watch
Meck
11:06 Feudal Age
14:47 Castle Age
12:40 Double-Bit Axe
13:24 Horse Collar
14:26 Gold Mining
15:29 Loom
16:32 Fletching
23:04 Ballistics
23:24 Bodkin Arrow
23:29 Padded Archer Armor
24:10 Wheelbarrow
24:30 Bow Saw
25:48 Heavy Plow
27:28 Hand Cart
27:39 Leather Archer Armor
32:50 Town Watch
36:30 Imperial Age
36:44 Capped Ram
38:20 Bracer
41:05 Crop Rotation
41:40 Two-Man Saw
40:19 Elite Skirmisher
42:42 Thumb Ring
43:42 Ring Archer Armor
44:16 Chemistry
46:05 Conscription
48:35 Pirotechnia
51:01 Town Patrol
BigBusyB
10:39 Feudal Age
16:14 Castle Age
14:55 Double-Bit Axe
15:57 Horse Collar
16:08 Gold Mining
18:21 Bow Saw
20:39 Heavy Plow
21:20 Gold Shaft Mining
21:26 Wheelbarrow
22:35 Forging
25:00 Scale Barding Armor
25:56 Husbandry
27:53 Iron Casting
29:12 Chain Barding Armor
29:24 Hand Cart
29:37 Bloodlines
34:37 Imperial Age
33:05 Stone Mining
34:28 Cavalier
36:42 Blast Furnace
36:17 Plate Barding Armor
37:02 Two-Man Saw
36:09 Savar
37:58 Crop Rotation
38:28 Stone Shaft Mining
41:46 Conscription
41:33 Kamandaran
FraD
10:11 Feudal Age
17:28 Castle Age
15:54 Double-Bit Axe
17:34 Horse Collar
17:36 Crossbowman
20:23 Fletching
22:48 Gold Mining
24:02 Heavy Plow
27:28 Ballistics
33:46 Imperial Age
31:39 Bodkin Arrow
32:06 Scale Mail Armor
33:49 Arbalester
34:34 Thumb Ring
37:16 Bracer
36:52 Halberdier
38:50 Wheelbarrow
40:03 Chemistry
41:30 Heated Shot
42:30 Padded Archer Armor
42:41 Forging
44:09 Elite Skirmisher
45:21 Conscription
45:48 Leather Archer Armor
57:20 Bow Saw
57:29 Hand Cart
从良
9:59 Feudal Age
15:25 Castle Age
13:32 Horse Collar
14:28 Double-Bit Axe
17:05 Bow Saw
16:59 Heavy Plow
21:04 Wheelbarrow
24:16 Gold Mining
24:17 Stone Mining
24:15 Loom
25:08 Hand Cart
25:08 Fletching
26:39 Padded Archer Armor
28:28 Yeomen
31:16 Imperial Age
28:58 Bodkin Arrow
29:28 Leather Archer Armor
29:49 Forging
29:39 Scale Mail Armor
29:49 Forging
29:57 Town Watch
31:13 Town Patrol
32:30 Bracer
33:00 Ring Archer Armor
35:07 Iron Casting
34:47 Chain Mail Armor
33:55 Pikeman
34:36 Squires
35:06 Conscription
34:08 Elite Longbowman
35:58 Chemistry
35:20 Ballistics
35:12 Masonry
35:42 Halberdier
36:08 Arson
37:24 Blast Furnace
37:09 Gold Shaft Mining
39:52 Plate Mail Armor
39:31 Treadmill Crane
41:03 Two-Man Saw
41:51 Siege Engineers
41:42 Murder Holes
49:54 Hoardings
56:18 Elite Skirmisher
1802390869
9:58 Feudal Age
16:23 Castle Age
14:30 Horse Collar
14:48 Gold Mining
17:02 Man-at-Arms
17:27 Gambesons
17:52 Heavy Plow
18:03 Long Swordsman
19:47 Wheelbarrow
19:00 Loom
19:21 Scale Mail Armor
19:32 Forging
19:27 Squires
21:39 Scale Barding Armor
21:54 Chain Mail Armor
24:09 Hand Cart
38:07 Imperial Age
40:09 Gold Shaft Mining
39:21 Two-Handed Swordsman
41:48 Champion
45:22 Masonry
45:27 Fortified Wall
46:53 Architecture
47:20 Plate Mail Armor
49:00 Iron Casting
52:32 Blast Furnace
54:45 Crop Rotation
57:56 Conscription
等着森口
9:31 Feudal Age
18:09 Castle Age
17:27 Gold Mining
17:30 Stone Mining
17:26 Double-Bit Axe
17:23 Horse Collar
19:06 Loom
26:45 Bow Saw
32:29 Heavy Plow
37:41 Elite Skirmisher
38:56 Fletching
39:06 Padded Archer Armor
40:39 Wheelbarrow
41:30 Gold Mining
42:05 Hand Cart
46:20 Bodkin Arrow
46:40 Leather Archer Armor
50:05 Gold Shaft Mining
50:44 Ballistics
53:37 Imperial Age
56:20 Chemistry
55:23 Bracer
55:53 Ring Archer Armor
仌
10:09 Feudal Age
16:22 Castle Age
14:45 Domestication
14:57 Double-Bit Axe
17:13 Forging
19:59 Stone Mining
20:22 Bow Saw
24:03 Wheelbarrow
23:36 Pastoralism
23:57 Padded Archer Armor
23:48 Fletching
23:42 Light Cavalry
26:35 Iron Casting
26:10 Scale Barding Armor
26:09 Husbandry
29:37 Squires
31:08 Stone Shaft Mining
30:24 Gold Mining
30:55 Elite Skirmisher
31:50 Lamellar Armor
33:53 Hand Cart
34:32 Scale Mail Armor
35:24 Thumb Ring
35:11 Pikeman
38:42 Imperial Age
42:57 Ordo Cavalry
48:06 Conscription
Connection lost

Rejoining the realm…

Still unreachable

The connection could not be restored.

Session expired

The server has moved on; the page needs a fresh start.